 Dungeon Crawl Stone Soup version 0.31-a0-1620-gcbf77bbcfc (webtiles) character file.

Game seed: 186579684289773323

37 Jannitor the Conjurer (level 3, 0/23 (28) HPs)
             Began as a Demonspawn Reaver on Jan 11, 2024.
             Slain by a cerulean imp
             ... wielding a +2 spear
             ... summoned by Natasha
              (5 damage)
             ... on level 2 of the Dungeon.
             The game lasted 00:02:18 (1058 turns).

Jannitor the Conjurer (Demonspawn Reaver)           Turns: 1058, Time: 00:02:19

HP:   0/23 (28)     AC:  4    Str: 14    XL:     3   Next: 23%
MP:   6/6           EV: 11    Int: 13    God:
Gold: 11            SH:  0    Dex: 11    Spells: 5/6 levels left

rFire   + . .        a - +0 mace
rCold   . . .        (no shield)
rNeg    . . .        b - +0 leather armour
rPois   .            (no helmet)
rElec   .            f - +0 cloak
rCorr   .            (no gloves)
SInv    .            (no boots)
Will    .....        (no amulet)
Stlth   +            c - ring of protection from fire
HPRegen 0.23/turn    (no ring)
MPRegen 0.10/turn

%: no passive effects
@: slowed, heavily drained, very slow
A: weakness stinger 1
a: no special abilities


You were on level 2 of the Dungeon.
You visited 1 branch of the dungeon, and saw 2 of its levels.

You collected 35 gold pieces.
You spent 24 gold pieces at shops.

Inventory:

Hand Weapons
 a - a +0 mace (weapon)
Armour
 b - a +0 leather armour (worn)
 f - a +0 cloak (worn)
Jewellery
 c - a ring of protection from fire (left hand)
 d - a ring of fire
Scrolls
 g - a scroll of fear {unknown}
 h - a scroll of enchant armour
Potions
 e - 2 potions of attraction {unknown}


   Skills:
 + Level 2.3 Fighting
 + Level 3.0 Maces & Flails
 + Level 2.2 Dodging
 + Level 2.3 Spellcasting
 + Level 3.2 Conjurations


You had 5 spell levels left.
You knew the following spells:

 Your Spells              Type           Power      Damage    Failure   Level
a - Kiss of Death         Conj/Necr      20%        2d7       16%         1

Your spell library contained the following spells:

 Spells                   Type           Power      Damage    Failure   Level
 Momentum Strike          Conj/Tloc      10%        3d8       24%         2
 Necrotise                Necr           4%         1d4       30%         1
 Hailstorm                Conj/Ice       5%         3d5       43%         3
 Vampiric Draining        Necr           1%         2d6       67%         3
 Martyr's Knell           Necr/Summ      1%         N/A       97%         4
 Curse of Agony           Necr           1%         N/A       100%        5


Dungeon Overview and Level Annotations

Branches:
Dungeon (2/15)

Altars:

Shops:
D:2 ?

Annotations:
D:2 Natasha


Innate Abilities, Weirdness & Mutations

You have a small tail.


Message History

Unknown command.
Casting: Kiss of Death (safe; 16% risk of failure)
Confirm with . or Enter, or press ? or * to list all spells.
Aiming: Kiss of Death (safe; 16% risk of failure)
Press: ? - help, Shift-Dir - straight line, f - Natasha
Aim: Natasha, carrying a wand of polymorph (100% to hit)
The negative energy hits Natasha!
Natasha is drained!
Natasha is almost dead.
You feel drained.
The cerulean imp hits you but does no damage.
Natasha closely misses you.
The cerulean imp hits you from afar with a +0 spear.
Natasha zaps a wand.
You resist with significant effort.
Unknown command.
You closely miss Natasha.
Your tail-slap misses Natasha.
Natasha is almost dead.
The cerulean imp closely misses you. Natasha closely misses you.
The cerulean imp misses you. Natasha claws you.
You barely miss Natasha.
Natasha is almost dead.
The cerulean imp hits you but does no damage.
Natasha closely misses you.
The cerulean imp hits you from afar with a +0 spear.
You hit Natasha.
Natasha is almost dead.
Natasha misses you. The cerulean imp closely misses you.
Natasha closely misses you.
You barely miss Natasha.
Natasha is almost dead.
The cerulean imp hits you from afar with a +0 spear.
Natasha closely misses you. The cerulean imp misses you. Natasha claws you.
You are too injured to fight recklessly!
Unknown command.
You closely miss Natasha.
Natasha is almost dead.
The cerulean imp disappears in a puff of smoke!
Natasha claws you.
* * * LOW HITPOINT WARNING * * *
The cerulean imp hits you from afar with a +2 spear.
You die...

### ##### #@# ##...#
#h#
.....###########5####
..........5.h......>#
.#...###########.#..#
.#....# #.#..#
......# #.#..#
......# #.#..#######
......# #.#........#


You could see Natasha (very drained) and a cerulean imp (summoned).

Vanquished Creatures
  2 dart slugs (D:1)
  2 ball pythons (D:1)
  4 endoplasms (D:1)
  7 hobgoblins
  4 quokkas (D:1)
  2 bats (D:1)
  3 frilled lizards (D:1)
  3 goblins
  2 kobolds (D:1)
  2 rats (D:1)
31 creatures vanquished.

Notes
Turn   | Place    | Note
-------+----------+-------------------------------------------
     0 | D:1      | Jannitor the Demonspawn Reaver began the quest for the Orb.
     0 | D:1      | Reached XP level 1. HP: 16/16 MP: 3/3
    86 | D:1      | Gained mutation: You have a small tail. [demonic ancestry]
    86 | D:1      | Reached XP level 2. HP: 17/22 MP: 5/5
   345 | D:1      | Reached XP level 3. HP: 8/28 MP: 6/6
   949 | D:2      | Found Kiavvir's Magic Scroll Shoppe.
   957 | D:2      | Bought a scroll of identify for 24 gold pieces
  1023 | D:2      | Noticed Natasha
  1058 | D:2      | Slain by a cerulean imp

Illustrated notes

Levels and vault maps discovered:
D:1:      tarquinn_simple_flora_water_b, layout_basic,
          chequers_serial_rivers_small_3, minmay_pentomino_o4
D:2:      layout_basic, serial_shops, nicolae_shop_gibbet_a_chance,
          nicolae_shop_stone, nicolae_shop_crystal,
          dreamdust_ecumenical_altar_grove, uniq_sigmund, uniq_natasha

Skill      XL: |  1  2  3 |
---------------+----------+-----
Dodging        | 2 |  2.2
Maces & Flails | 3 |  3.0
Fighting       | |  2.3
Spellcasting   | |  2.3
Conjurations   | |  3.2

Action                     || total
---------------------------++-------
  Melee: Mace              ||    96
         Tailslap          ||     8
   Cast: Kiss of Death     ||     1
    Use: Scroll            ||     2
 Armour: Leather armour    ||    72
         Skin              ||     1
  Dodge: Dodged            ||    67

Table legend: (Time is in decaauts)
 A = Elapsed time spent in this place.
 B = Non-inter-level travel time spent in this place.
 C = Inter-level travel time spent in this place.
 D = Time resting spent in this place.
 E = Time spent auto-exploring this place.
 F = Levels seen in this place.
 G = Mean time per level.
                   A        B        C        D        E       F      G
               +--------+--------+--------+--------+--------+-----+--------+
         Total |   1098 |   1086 |     12 |    177 |    610 |   2 |  549.0 |
       Dungeon |   1098 |   1086 |     12 |    177 |    610 |   2 |  549.0 |
               +--------+--------+--------+--------+--------+-----+--------+

Top non-repeatable levels by time:
     D:1: 936 daAuts
     D:2: 162 daAuts
